 Dungeon Crawl Stone Soup version 0.31-a0-702-gf82c85558f (webtiles) character file.

Game seed: 7270021875233531337

79 qw the Shooter (level 4, -3/28 HPs)
             Began as a Gargoyle Hunter on Sept 7, 2023.
             Slain by a gnoll
             ... wielding a +0 whip
              (5 damage)
             ... on level 2 of the Dungeon.
             The game lasted 00:00:35 (1057 turns).

qw the Shooter (Gargoyle Hunter)                    Turns: 1057, Time: 00:00:35

Health: -3/28      AC:  6    Str: 14    XL:     4   Next: 38%
Magic:  4/4        EV: 12    Int: 10    God:
Gold:   44         SH:  0    Dex: 21    Spells: 3/3 levels left

rFire   . . .        Y - +0 shortbow
rCold   . . .        (shield currently unavailable)
rNeg    + . .        c - +0 leather armour
rPois   inf          (no helmet)
rElec   +            (no cloak)
rCorr   .            (no gloves)
SInv    .            (no boots)
Will    .....        (no amulet)
Stlth   ++           d - +6 ring of dexterity
HPRegen 0.24/turn    (no ring)
MPRegen 0.09/turn

%: no passive effects
@: no status effects
A: sickness immunity, AC +3, negative energy resistance 1, electricity
resistance, torment resistance 1, petrification resistance
a: no special abilities


You were on level 2 of the Dungeon.
You visited 1 branch of the dungeon, and saw 2 of its levels.

You collected 44 gold pieces.


Innate Abilities, Weirdness & Mutations

You are immune to sickness and miasma.
Your stone body is resilient. (AC +3)
You are immune to poison.
You resist negative energy. (rN+)
You are resistant to electric shocks. (rElec)
You are resistant to unholy torment.
You are immune to petrification.


   Skills:
 - Level 3.0 Fighting
 + Level 5.4 Ranged Weapons
 - Level 1.5 Dodging
 - Level 1.1 Stealth


You had 3 spell levels left.
You didn't know any spells.
Your spell library was empty.

Inventory:

Hand Weapons
 Y - a +0 shortbow (weapon)
Armour
 c - a +0 leather armour (worn)
Jewellery
 d - a +6 ring of dexterity (left hand)
Scrolls
 a - a scroll of enchant armour {unknown}
 b - a scroll of teleportation {unknown}
Potions
 e - 2 potions of berserk rage {unknown}

Dungeon Overview and Level Annotations

Branches:
Dungeon (2/15)

Altars:
Ru


Message History

You shoot an arrow. The arrow closely misses the gnoll.
The gnoll hits you from afar with a +0 spear.
You shoot an arrow. The arrow closely misses the gnoll.
The gnoll misses you.
You shoot an arrow. The arrow hits the gnoll!
The gnoll is severely wounded.
The gnoll hits you from afar with a +0 spear.
You shoot an arrow. The arrow hits the gnoll.
The gnoll is moderately wounded.
The gnoll hits you but does no damage.
You shoot an arrow. The arrow hits the gnoll!
The gnoll is almost dead.
The gnoll hits you but does no damage.
You shoot an arrow. The arrow closely misses the gnoll.
The gnoll hits you from afar with a +0 halberd.
You shoot an arrow. The arrow hits the gnoll!
You kill the gnoll!
You hear a shout!
You shoot an arrow. The arrow hits the gnoll.
You kill the gnoll!
A gnoll comes into view. It is wielding a +0 whip.
You shoot an arrow. The arrow hits the gnoll.
The gnoll is moderately wounded.
The gnoll hits you but does no damage.
You shoot an arrow. The arrow closely misses the gnoll.
The gnoll closely misses you. The gnoll barely misses you.
You shoot an arrow. The arrow barely misses the gnoll.
The gnoll barely misses you. x2
You shoot an arrow. The arrow barely misses the gnoll.
The gnoll closely misses you. x2
You shoot an arrow.
The arrow hits the gnoll but does no damage.
The gnoll is moderately wounded.
The gnoll hits you with a +0 whip. The gnoll hits you but does no damage.
The gnoll barely misses you.
The gnoll hits you from afar with a +0 spear.
You shoot an arrow. The arrow hits the gnoll.
The gnoll is severely wounded.
The gnoll hits you with a +0 whip.
You die... ## ##.. #.. #gg

#.# ##############
#g###............#
#.g@.............###
#####...............
#################.)...........##
#.............................##
#..........###########........#.
#..........#### #..#.......
#.............########..#.._%.##
#..........##...................
#..........######.........:.....


You could see 2 gnolls.

Vanquished Creatures
  3 gnolls
  An adder (D:2)
  2 worms (D:2)
  4 ball pythons (D:1)
  2 endoplasms (D:1)
  2 giant cockroaches (D:2)
  2 hobgoblins (D:1)
  3 quokkas (D:1)
  6 bats
  3 frilled lizards
  2 goblins (D:1)
  5 kobolds
  5 rats
40 creatures vanquished.

Notes
Turn   | Place    | Note
-------+----------+-------------------------------------------
     0 | D:1      | qw the Gargoyle Hunter began the quest for the Orb.
     0 | D:1      | Reached XP level 1. HP: 12/12 MP: 1/1
     0 | D:1      | 0 ||| qw: Version: 0.3-a-76-g4403597
     0 | D:1      | 0 ||| qw: Game counter: 832
     0 | D:1      | 0 ||| qw: Melee chars always use a shield: true
     0 | D:1      | 0 ||| qw: God list: Okawaru
     0 | D:1      | 0 ||| qw: Allow faded altars: false
     0 | D:1      | 0 ||| qw: Do Orc after clearing Dungeon:15 true
     0 | D:1      | 0 ||| qw: Do second Lair branch before Depths: true
     0 | D:1      | 0 ||| qw: Lair rune preference: random
     0 | D:1      | 0 ||| qw: Goals: Normal
     0 | D:1      | 0 ||| PLANNING D:1-11
    98 | D:1      | Reached XP level 2. HP: 17/17 MP: 2/2
   254 | D:1      | Reached XP level 3. HP: 20/21 MP: 3/3
   304 | D:1      | Reached skill level 5 in Ranged Weapons
   730 | D:1      | 730 ||| UPGRADING to +6 ring of dexterity.
   731 | D:1      | 731 ||| READING scroll labelled MEWOTIDD CYBIAPOUN.
   732 | D:1      | 732 ||| DROPPING scroll of butterflies.
   880 | D:2      | Reached skill level 3 in Fighting
   919 | D:2      | Found a sacrificial altar of Ru.
   928 | D:2      | Reached XP level 4. HP: 28/28 MP: 4/4
  1042 | D:2      | 1042 ||| Stepping ~*~*~tactically~*~*~ (retreating).
  1043 | D:2      | 1043 ||| Stepping ~*~*~tactically~*~*~ (outnumbered).
  1046 | D:2      | HP: 7/28 [gnoll/+0 spear (4)]
  1056 | D:2      | HP: 6/28 [gnoll/+0 whip (2)]
  1056 | D:2      | HP: 1/28 [gnoll/+0 spear (5)]
  1057 | D:2      | Slain by a gnoll

Levels and vault maps discovered:
D:1:      grunt_arrival_lava_bath, layout_loops_ring, serial_co_window_serial,
          co_window_of_opportunity_a, co_window_paths_a, co_window_corner_a,
          co_window_paths_a, co_window_paths_a, co_window_unsneaky_path_d,
          co_window_unsneaky_path_c, co_window_of_opportunity_c,
          co_window_paths_c, co_window_corner_b, due_unseen_surprise
D:2:      layout_rooms, basic_altar, serial_curves, eino_curves_01,
          eino_curves_04, serial_shops, nicolae_shop_industrial_runoff

Skill      XL: |  1  2  3 |
---------------+----------+-----
Ranged Weapons | 5 |  5.4
Fighting       | 3 |  3.0
Dodging        | |  1.5
Stealth        | |  1.1

Action                     |  1- 3 |  4- 6 || total
---------------------------+-------+-------++-------
   Fire: Shortbow          |   103 |    39 ||   142
    Use: Scroll            |     1 |       ||     1
 Armour: Leather armour    |    14 |    16 ||    30
  Dodge: Dodged            |    18 |    14 ||    32

Table legend:
 A = Non-vault XP
 B = Vault XP
 C = Vault XP percentage of total XP
 D = Non-vault monster count
 E = Vault monster count
 F = Vault count percentage of total count
                 A         B        C        D         E       F
            +---------+---------+-------+---------+---------+-------
      Total |     114 |       0 |   0.0 |      40 |       0 |   0.0
            +---------+---------+-------+---------+---------+-------
        D:1 |      50 |       0 |   0.0 |      26 |       0 |   0.0
        D:2 |      64 |       0 |   0.0 |      14 |       0 |   0.0
            +---------+---------+-------+---------+---------+-------
